Cogmind - Beta 15 @@@ ROGUE MODE // 2025.06.23 @ 12:46:21 Player: 7604 Result: Destroyed by VM-SAX(R) with Subdweller Machine Gun Performance ------------- Evolutions (0) 0 Regions Visited (2) 400 Robots Destroyed (10) 50 Value Destroyed (329) 329 Prototype IDs (0) 0 Alien Tech Used (0) 0 Bonus (0) 0 TOTAL SCORE: 779 Bonus ------- None Cogmind --------- Core Integrity 0/250 Matter 300/300 Energy 88/200 System Corruption 0% Temperature Cool (37) Movement Treading (160) Location -10/Subcaves Parts ------- > --- POWER (1) -------- Subdweller Power Source > --- PROPULSION (2) --- Light Treads Light Treads > --- UTILITY (2) ------ Large Storage Unit Seismic Detector > --- WEAPON (2) ------- Subdweller Laser Subdweller Beam Cannon > --- INVENTORY (15) --- Spiked Treads Wheel Wheel Subdweller Monowheel Subdweller Monowheel Seismic Detector Medium Laser Battle Rifle Subdweller Machine Gun Subdweller Machine Gun Barrage Gun Battle Cannon Multitool Flamer Flamer Peak State ------------ > --- POWER ------------ Subdweller Power Source > --- PROPULSION ------- Light Treads Light Treads > --- UTILITY ---------- Large Storage Unit Seismic Detector > --- WEAPON ----------- Subdweller Laser Barrage Gun > --- INVENTORY -------- Subdweller Power Source Spiked Treads Wheel Wheel Subdweller Monowheel Subdweller Monowheel Makeshift Flight Unit Seismic Detector Medium Laser Battle Rifle Subdweller Machine Gun Subdweller Machine Gun Multitool Flamer Flamer [Rating: 13] Favorites ----------- Power Light Ion Engine Engine Light Ion Engine Propulsion Aluminum Leg Treads Light Treads Leg Aluminum Leg Utility Large Storage Unit Device Seismic Detector Storage Large Storage Unit Weapon Subdweller Laser Energy Gun Subdweller Laser Energy Cannon Subdweller Beam Cannon Ballistic Gun Subdweller Machine Gun Special Weapon Flamer Build | -11 -10 -10 ------- Run | Yrd Mat Sub Slots Evolved . | . . . Power . | . . . Propulsion . | . . . Utility . | . . . Weapon . | . . . Parts Attached 17 | 1 1 15 Power 4 | . . 4 Engine 4 | . . 4 Core . | . . . Reactor . | . . . Propulsion 2 | . . 2 Treads 2 | . . 2 Leg . | . . . Wheel . | . . . Hover . | . . . Flight . | . . . Utility 2 | 1 1 . Device 1 | 1 . . Storage 1 | . 1 . Processor . | . . . Hackware . | . . . Protection . | . . . Artifact . | . . . Weapon 9 | . . 9 Energy Gun 2 | . . 2 Energy Cannon 1 | . . 1 Ballistic Gun 4 | . . 4 Ballistic Cannon . | . . . Launcher . | . . . Special Weapon 2 | . . 2 Impact Weapon . | . . . Slashing Weapon . | . . . Piercing Weapon . | . . . Special Melee Weapon . | . . . Unidentified Prototypes . | . . . Parts Lost 1 | . . 1 Power 1 | . . 1 Propulsion . | . . . Utility . | . . . Weapon . | . . . Highest Loss Streak 1 | . . 1 To Critical Strikes . | . . . Average Backups 11 | 6 6 12 Power . | 1 1 . Propulsion 5 | 4 4 5 Utility . | . . 1 Weapon 4 | 1 1 4 Tool/Special . | . . . Unused Backups 16 | . 2 14 Power . | . . . Propulsion 6 | . . 6 Utility 3 | . 2 1 Weapon 6 | . . 6 Tool/Special 1 | . . 1 Average Slot Usage (%) 99 | . 97 100 Engine 14 | . 14 14 Treads 13 | . . 14 Leg 14 | . 28 13 Device 13 | . 11 14 Storage 14 | . 14 14 Energy Gun 18 | . 28 17 Ballistic Gun 8 | . . 9 Peak Build Rating 13 | 7 7 13 Average Rating 10 | 6 6 10 On Entrance 6 | 6 7 7 Naked Turns . | . . . Heaviest Build 38 | 12 27 38 Greatest Support 40 | 20 20 40 Greatest Overweight (x) 1 | . 1 1 Average Overweight (x) . | . . . Largest Inventory Capacity 15 | 8 15 15 Average Capacity 14 | 8 14 15 Most Carried 15 | 6 7 15 Average Carried 11 | 6 6 12 Final Capacity 15 | 8 15 15 Final Carried 15 | 6 7 15 Class Distribution -------------------- 95% | Mutant 4% | Scavenger-Mutant Dominant Class ---------------- Mutant | -10/Materials Mutant | -10/Subcaves Resources | -11 -10 -10 ----------- Run | Yrd Mat Sub Matter Collected 454 | 210 15 229 Remotely . | . . . Salvage Created 426 | 28 117 281 Parts 23 | 3 5 15 Haulers Intercepted . | . . . Recyclers Shooed . | . . . Parts Field Recycled . | . . . Retrieved Matter . | . . . Parts Self-Destructed . | . . . Prevented . | . . . Kills | -11 -10 -10 ------- Run | Yrd Mat Sub Combat Hostiles Destroyed 8 | . 2 6 Guns 7 | . 2 5 Classes Destroyed 5 | 1 2 2 Worker 1 | . 1 . Tunneler 1 | 1 . . Grunt 2 | . 2 . Artisan 1 | . . 1 Subdweller 6 | . . 6 Best Kill Streak 3 | 1 3 1 Combat Bots Only 2 | . 2 1 Max Kills in Single Turn 1 | 1 1 1 Gunslinging . | . . . Exploded . | . . . Melee . | . . . Uniques/NPCs Destroyed . | . . . Combat | -11 -10 -10 -------- Run | Yrd Mat Sub Hostile Shots Fired 48 | . 13 35 Missed 17 | . 4 13 Hits 31 | . 9 22 Projectile 31 | . 9 22 Critical Strikes 1 | . 1 . Damage Taken 663 | . 118 545 Core 262 | . 61 201 Absorbed by Shields . | . . . Core Remaining (%) 100 | 100 . . Volleys Fired 60 | 3 8 49 Largest 2 | 2 2 2 Hottest 200 | 90 90 200 Shots Fired 97 | 6 16 75 Gun 85 | 6 16 63 Cannon 4 | . . 4 Launcher . | . . . Special 8 | . . 8 Kinetic 24 | . . 24 Thermal 73 | 6 16 51 Explosive . | . . . Electromagnetic . | . . . Robot Hit Streak 15 | 3 5 15 Robot Miss Streak 3 | 3 1 2 Penetration Max . | . . . Secondary Targets . | . . . Shots Hit Robots 58 | 3 11 44 Core Hits 21 | 1 6 14 Critical Kills . | . . . Critical Parts Destroyed . | . . . Critical Strikes 4 | . 2 2 Burn 4 | . 2 2 Melee Attacks . | . . . Impact . | . . . Slashing . | . . . Piercing . | . . . Sneak Attacks . | . . . Combat Hostiles . | . . . Follow-up Attacks . | . . . Damage Inflicted 1028 | 50 135 843 Guns 820 | 50 128 642 Cannons 111 | . . 111 Explosions . | . . . Melee . | . . . Ramming 7 | . 7 . Kinetic 294 | . . 294 Thermal 727 | 50 128 549 Explosive . | . . . Electromagnetic . | . . . Impact . | . . . Slashing . | . . . Piercing . | . . . Highest Corruption . | . . . Average Corruption . | . . . Corruption Purged . | . . . Corruption Blocked . | . . . Overload Shots . | . . . Overflow Damage . | . . . Projectiles . | . . . Explosions . | . . . Melee . | . . . Knockbacks . | . . . Impact . | . . . Kinetic . | . . . Secondary . | . . . Self-Inflicted Damage . | . . . Shots . | . . . Rammed . | . . . Targets Rammed 3 | . 3 . Kicked 3 | . 3 . Crushed . | . . . Highest Temperature 245 | 60 245 37 Average Temperature 83 | 27 138 16 Received Heat Transfer 162 | . 87 75 Siege Activations . | . . . Martial Activations . | . . . Shielding Activations . | . . . Robots Disrupted 1 | . . 1 Combat Hostiles 1 | . . 1 Robots Corrupted . | . . . Combat Hostiles . | . . . Parts Fried . | . . . Impact Corruptions . | . . . Robots Melted 1 | . . 1 Combat Hostiles 1 | . . 1 Parts Melted 1 | . 1 . Heat Transferred 2237 | 136 495 1606 Parts Sabotaged . | . . . Parts Stolen . | . . . Parts Stripped . | . . . Power Chain Reactions . | . . . Alert | -11 -10 -10 ------- Run | Yrd Mat Sub Maximum Alert Level . | . . . Low Security (%) 100 | 100 100 . Level 1 . | . . . Level 2 . | . . . Level 3 . | . . . Level 4 . | . . . Level 5 . | . . . High Security . | . . . Max Security . | . . . Peak Influence 45 | 5 45 . Initial . | . . . Average 8 | . 11 . Influence Increases 60 | 5 55 . Destroy 0b10 Robot/C 40 | . 40 . Destroy 0b10 Robot/NC 10 | 5 5 . Destroy Leader 10 | . 10 . Influence Decreases 60 | 5 55 . Time Decay 60 | 5 55 . Squads Dispatched 1 | . 1 . Investigation . | . . . Extermination . | . . . Reinforcement 1 | . 1 . Assault . | . . . Garrison . | . . . Intercept . | . . . Searches Triggered . | . . . Construction Impeded . | . . . Haulers Reinforced . | . . . Active Scanning Responses . | . . . Cargo Convoy Interrupts . | . . . Stealth | -11 -10 -10 --------- Run | Yrd Mat Sub Distress Signals . | . . . Communications Jammed . | . . . Distress Signals . | . . . Times Spotted 13 | . 4 9 Peak Tracking Total 2 | . 2 2 Tactical Retreats 1 | . . 1 Traps | -11 -10 -10 ------- Run | Yrd Mat Sub Traps Triggered 1 | . . 1 Indirectly . | . . . Trap Hack Attempts . | . . . Triggered . | . . . Disarmed . | . . . Reprogrammed . | . . . Reused . | . . . Traps Extracted . | . . . Installed . | . . . Triggered . | . . . Machines | -11 -10 -10 ---------- Run | Yrd Mat Sub Machines Disabled . | . . . Max in Single Turn . | . . . Machines Repaired . | . . . Machines Dismantled . | . . . Machines Sabotaged . | . . . Overloaded Fab Kills . | . . . Hacking | -11 -10 -10 --------- Run | Yrd Mat Sub Machines Accessed 1 | . 1 . Terminals 1 | . 1 . Fabricators . | . . . Repair Stations . | . . . Recycling Units . | . . . Scanalyzers . | . . . Garrison Access . | . . . Total Hacks 1 | . 1 . Successful . | . . . Failed 1 | . 1 . Catastrophic 1 | . 1 . Database Lockouts . | . . . Manual . | . . . Terminals 1 | . 1 . Fabricators . | . . . Repair Stations . | . . . Recycling Units . | . . . Scanalyzers . | . . . Garrison Access . | . . . Terminal Hacks . | . . . Fabricator Hacks . | . . . Repair Station Hacks . | . . . Recycling Unit Hacks . | . . . Scanalyzer . | . . . Garrison Access Hacks . | . . . Unauthorized Hacks . | . . . Terminals . | . . . Fabricators . | . . . Repair Stations . | . . . Recycling Units . | . . . Scanalyzers . | . . . Garrison Access . | . . . Data Cores Recovered . | . . . Used . | . . . Hacking Detections 1 | . 1 . Full Trace Events . | . . . Feedback Events . | . . . Feedback Blocked . | . . . Robot Schematics Acquired . | . . . Robots Built . | . . . Authchips . | . . . Time . | . . . Total Robot Build Rating . | . . . Part Schematics Acquired . | . . . Parts Built . | . . . Authchips . | . . . Time . | . . . Total Part Build Rating . | . . . Parts Repaired . | . . . Time . | . . . Parts Recycled . | . . . Recycled Matter . | . . . Retrieved Matter . | . . . Retrieved Components . | . . . Parts Scanalyzed . | . . . Part Schematics Acquired . | . . . Parts Damaged . | . . . Bothacking | -11 -10 -10 ------------ Run | Yrd Mat Sub Used RIF Installer . | . . . Robots Hacked . | . . . Non-combat . | . . . Combat . | . . . Robot Hacks Applied . | . . . Relay Couplers Released . | . . . Fabnet Peak Effective % . | . . . Robots Rewired . | . . . Allies Hacked . | . . . Hacks Repelled . | . . . Allies | -11 -10 -10 -------- Run | Yrd Mat Sub Total Allies . | . . . Largest Group . | . . . Highest-Rated Group . | . . . Highest-Rated Ally . | . . . Total Orders . | . . . Ally Attacks . | . . . Total Damage . | . . . Kills . | . . . Allies Corrupted . | . . . Allies Melted . | . . . Intel | -11 -10 -10 ------- Run | Yrd Mat Sub Active Infowar (turns) 2822 | 8 165 2649 Seismic 2822 | 8 165 2649 Robot Analysis Total . | . . . Derelict Logs Recovered 2 | . . 2 Drone Launches . | . . . Drone Recoveries . | . . . Exploration | -11 -10 -10 ------------- Run | Yrd Mat Sub Turns Passed 2920 | 70 201 2649 Spaces Moved 1404 | 13 85 1306 Core . | . . . Treads 724 | . . 724 Legs 680 | 13 85 582 Wheels . | . . . Hover . | . . . Flight . | . . . Fastest Speed 120 | 120 120 160 Average Speed 173 | 120 185 173 Slowest Speed 190 | 120 190 190 Overloaded Moves . | . . . Propulsion Burnouts . | . . . Robots Hopped . | . . . Potential Cave-ins . | . . . Cave-ins Triggered . | . . . Exploration Rate (%) 24 | 3 16 53 Regions Visited 2 Branch Regions 1 Pre-discovered Areas 2 | . . 2 Known Exits Taken . | . . . Unknown Exits Taken 2 | 1 1 . Scrap Searched 3 | . . 3 Spaces Dug . | . . . Terrain Destroyed . | . . . Melee . | . . . Projectile . | . . . AOE . | . . . Terrain Rammed . | . . . Walls Destroyed . | . . . Machines Disabled . | . . . Actions | -11 -10 -10 --------- Run | Yrd Mat Sub Total 1777 | 61 110 1606 Wait 260 | 45 10 205 Move 1402 | 12 84 1306 Hop . | . . . Pick Up 17 | . 1 16 Fast Attach 3 | 1 . 2 Attach 3 | . 1 2 Detach 3 | . 1 2 Swap 15 | . 1 14 Drop 11 | . 1 10 Fire 60 | 3 8 49 Melee . | . . . Ram . | . . . Kick 3 | . 3 . Crush . | . . . Escape Stasis . | . . . Rewire . | . . . Trap . | . . . Miscellaneous . | . . . Route ------- -11/Scrapyard -10/Materials -10/Subcaves (discovered 2 exits: *Mat x2) History --------- Turn | Location | Event 1 | -11/Scrapyard | Discovered new exit (range 3) 71 | -11/Scrapyard | Entered Materials 159 | -10/Materials | Discovered new exit (range 6) 272 | -10/Materials | Entered Subcaves 275 | -10/Subcaves | Discovered new exit (range 13) 300 | -10/Subcaves | Learned location of Zion (-7) 306 | -10/Subcaves | Build established: Mutant 400 | -10/Subcaves | Met a Zionite searching for "candidates" 1051 | -10/Subcaves | Identified exit to Materials 1527 | -10/Subcaves | Shifting Twisted Machinery released Multitool 1534 | -10/Subcaves | Shifting Twisted Machinery released Spk. Treads 1944 | -10/Subcaves | Core integrity fell below 50% 2525 | -10/Subcaves | Core integrity fell below 20% 2921 | -10/Subcaves | Destroyed by VM-SAX(R) with Subdweller Machine Gun Last Messages --------------- 02250_ Triggered Piercing Trap. 02250_ Spikes shoot up from the floor. 02250_ Critical hit (Impale). 02372_ Acquired 10 matter. 02520_ Sub. Laser shoots sparks and powers down. 02525_ FA-DZ5(R) destroyed. 02533_ Acquired Sub. Laser. 02534_ Acquired 24 matter. 02540_ Dropped Sub. Power Source. 02541_ Dropped Broken Sub. Laser. 02542_ Acquired 10 matter. 02545_ Acquired Battle Cannon. 02780_ Subatomizers dissect the Sub. Power Source. 02786_ Acquired 10 matter. 02789_ Dropped Mak. Flight Unit. 02789_ Acquired Sub. Beam Cannon. 02795_ Subatomizers dissect the Sub. Power Source. 02838_ Acquired 10 matter. Map ----- +----------------------------------------------------+ | ???????????????# ##?# " ## ##??? | | ???????????????# #?# # # ###? | | ???????????????# #?# *= ### ## ## | | ???????????????# ### !% #?###### # | | ???????????????## ## < #######& #####??# # | | ????????????????## ##????## #??## # | | ?????????????????# ###?##### ##??##### | | ?????????????????# ##??## ## ####???? | | ?????????????????## #??## ## ##??? | | ??????????????????## #?## ## ##?? | | ???????????????????# ### ### ##? | | ######?????????????###### ### #? | | # ####??????????????# ### ## #? | | #?#####?######## ##?#### #? | | ### ### ## ## #### ## ###? | | ## ## ##??? | | ### ##???? | | ## ## # ## ####????? | | ### ###### ### #??????? | | # #?# ### ###????# #### #??????? | | ## #?# #####?# #??????# ### #??????? | | ?# #####????## ########## ### #??????? | | ?# ##??##### #??# #### #??????? | | ?# #### #???##### ##?????? | | ?## ## #####???## #?????? | | ??# ## #; @##### ####?????? | | ??# #### ### R ##????????? | | ??# #??# ###?## R ##?????????? | | ??# #??# #????## ##### ### #?????????? | | ??# #??### #?????#######???## ## ###???????? | | ??# ##????# #???????????????##### #???????? | | ??# #????? #???????????????????# ##???????? | | ??# #???# " ???????????????????## #????????? | | ??## #??? """ ??????????????????#%###????????? | | ???####?? """ %?????????????????###??????????? | | ????????# """ ?????????????????????????????? | | ???????? ####????????????????????????????? | | ??????? ? #???????????????????????????????? | | ?????? ??? ???????????????????????????????? | | ?????? ????" "???????????????????????????????? | | ?????? ??????" """??????????????????????????????? | | ??????!??????? "" ???????????????????????????????? | | ???????????????"?????????????????????????????????? | | ?????????????????????????????????????????????????? | | ?????????????????????????????????????????????????? | | ?????????????????????????????????????????????????? | | ?????????????????????????????????????????????????? | | ?????????????????????????????????????????????????? | | ?????????????????????????????????????????????????? | | ?????????????????????????????????????????????????? | +----------------------------------------------------+ Best States ------------- Heat Dissipation 25 Energy Generation 15 Energy Capacity 250 Matter Stores 300 Matter Capacity 300 Sight Range 16 Terrain Scan Density 10 Evasion (%) 45 Recoil Reduction 2 Item Schematics ----------------- None Robot Schematics ------------------ None Fabricated ------------ Nothing Repaired ---------- Nothing Alien Tech Used ----------------- None Achievements -------------- None Challenges ------------ None Game ------ Seed HugeExoskeletonSegregator Manual? 0 Play Time 00:16:22 Cumulative 474.4 hours Start 2025.06.23 @ 12:30:20 End 2025.06.23 @ 12:46:21 Sessions 1 Manual Loads 0 Difficulty Rogue Special Mode None Game No. 248 Rogue 185 Adventurer 63 Explorer 0 Win Type - Total 9 Types 8/0/0/1/0/0/0/0/0/0 Lore% 89 Gallery% 81 Achievement% 67 Wizard Run 0 Options --------- Layout 2 ASCII 0 Keyboard 1 Movement Numpad Keybinds 0 Fullscreen 2 Font 24/Terminus Map View 50x44 Zoom Use 0% Tactical HUD 1 Map Filters NONE Filters NONE Steam 1 RUN: 4c2d6e5c-5264-4595-8364-007f816f67af